Cogmind - Beta 10.2 --- EXPLORER MODE // 2020.11.15 @ 13:57:10 // Halloween2020/ForbiddenLore Player: Chydax Result: Smashed by cave-in Performance ------------- Evolutions (0) 0 Regions Visited (2) 400 Robots Destroyed (14) 70 Value Destroyed (255) 255 Prototype IDs (5) 100 Alien Tech Used (0) 0 Bonus (0) 0 TOTAL SCORE: 825 Bonus ------- None Cogmind --------- Core Integrity 0/250 Matter 292/300 Energy 263/265 System Corruption 4% Temperature Cool (61) Movement Rolling (110) Ox2 Location -10/Mines Parts ------- > --- POWER (1) -------- Improved Ion Engine > --- PROPULSION (2) --- Armored Wheel > --- UTILITY (3) ------ Large Storage Unit Signal Interpreter > --- WEAPON (2) ------- Autogun Mining Laser > --- INVENTORY (10) --- Improved Ion Engine Armored Wheel Armored Wheel Heat Sink Large Storage Unit Compact Matter Pod (150) Sensor Array Medium Laser EMP Blaster EMP Blaster Peak State ------------ > --- POWER ------------ Improved Ion Engine > --- PROPULSION ------- Armored Wheel Armored Wheel > --- UTILITY ---------- Large Storage Unit Visual Processing Unit Signal Interpreter > --- WEAPON ----------- Autogun EMP Blaster > --- INVENTORY -------- Improved Ion Engine Armored Wheel Armored Wheel Heat Sink Large Storage Unit Sensor Array Tractor Beam Medium Laser Medium Laser EMP Blaster [Rating: 15] Favorites ----------- Power Improved Ion Engine Engine Improved Ion Engine Propulsion Armored Wheel Leg Aluminum Leg Wheel Armored Wheel Utility Signal Interpreter Device ECM Suite Storage Large Storage Unit Processor Signal Interpreter Protection Light Armor Plating Weapon Autogun Energy Gun Medium Laser Ballistic Gun Autogun Launcher EMP Blaster Special Weapon Mining Laser Build | -11 -10 -10 ------- Run | Scr Mat Min Slots Evolved 1 | . 1 . Power . | . . . Propulsion . | . . . Utility 1 | . 1 . Weapon . | . . . Parts Attached 27 | 10 15 2 Power 3 | 1 2 . Engine 3 | 1 2 . Core . | . . . Reactor . | . . . Propulsion 7 | 4 3 . Treads . | . . . Leg 2 | 2 . . Wheel 5 | 2 3 . Hover . | . . . Flight . | . . . Utility 8 | 3 5 . Device 3 | 1 2 . Storage 2 | 1 1 . Processor 2 | . 2 . Hackware . | . . . Protection 1 | 1 . . Artifact . | . . . Weapon 9 | 2 5 2 Energy Gun 4 | 2 2 . Energy Cannon . | . . . Ballistic Gun 3 | . 3 . Ballistic Cannon . | . . . Launcher 1 | . . 1 Special Weapon 1 | . . 1 Impact Weapon . | . . . Slashing Weapon . | . . . Piercing Weapon . | . . . Special Melee Weapon . | . . . Unidentified Prototypes . | . . . Parts Lost 2 | . . 2 Power . | . . . Propulsion 1 | . . 1 Utility 1 | . . 1 Weapon . | . . . Highest Loss Streak 2 | . . 2 Average Slot Usage (%) 99 | . 99 100 Engine 12 | . 12 12 Wheel 24 | . 24 25 Device 4 | . 8 . Storage 12 | . 12 12 Processor 20 | . 16 25 Energy Gun 9 | . 16 1 Ballistic Gun 9 | . 7 12 Launcher 4 | . . 9 Naked Turns . | . . . Heaviest Build 30 | 19 28 30 Greatest Support 32 | 32 32 24 Greatest Overweight (x) 1 | . 1 1 Average Overweight (x) . | . . 1 Largest Inventory Capacity 10 | 8 10 10 Average Capacity 9 | 7 8 10 Most Carried 10 | 8 10 10 Average Carried 8 | 4 8 9 Final Capacity 10 | 8 10 10 Final Carried 10 | 8 10 10 Class Distribution -------------------- 100% | Hacker-Mutant Dominant Class ---------------- Hacker-Mutant | -10/Materials Hacker-Mutant | -10/Mines Resources | -11 -10 -10 ----------- Run | Scr Mat Min Matter Collected 569 | 300 140 129 Remotely 52 | 52 . . Salvage Created 518 | 97 269 152 Parts 28 | 3 21 4 Haulers Intercepted . | . . . Recyclers Shooed . | . . . Parts Field Recycled . | . . . Retrieved Matter . | . . . Parts Self-Destructed . | . . . Prevented . | . . . Kills | -11 -10 -10 ------- Run | Scr Mat Min Combat Hostiles Destroyed 14 | . 7 7 Guns 10 | . 6 4 AOE 4 | . 1 3 Classes Destroyed 5 | 1 3 1 Recycler 2 | 1 . 1 Watcher 3 | . 3 . Swarmer 6 | . 4 2 Grunt 3 | . 3 . Assembled 5 | . . 5 Best Kill Streak 6 | 1 4 6 Combat Bots Only 5 | . 3 5 Max Kills in Single Turn 2 | 1 1 2 Gunslinging . | . . . Exploded 1 | . 1 1 Melee . | . . . Uniques/NPCs Destroyed . | . . . Combat | -11 -10 -10 -------- Run | Scr Mat Min Damage Taken 728 | . 127 601 Core 279 | . 19 260 Absorbed by Shields . | . . . Core Remaining (%) 100 | 100 . . Volleys Fired 49 | 3 21 25 Largest 2 | 2 2 2 Hottest 123 | 80 80 123 Shots Fired 84 | 6 39 39 Gun 59 | 6 39 14 Cannon . | . . . Launcher 12 | . . 12 Special 13 | . . 13 Kinetic 21 | . 7 14 Thermal 34 | 3 18 13 Explosive . | . . . Electromagnetic 29 | 3 14 12 Robot Hit Streak 12 | 2 12 5 Robot Miss Streak 2 | 1 2 1 Penetration Max . | . . . Secondary Targets 1 | . 1 . Max Gunslinging Chain 1 | . 1 . Shots Hit Robots 47 | 4 28 15 Core Hits 30 | 2 16 12 Critical Hits . | . . . Critical Kills . | . . . Critical Parts Destroyed . | . . . Melee Attacks . | . . . Impact . | . . . Slashing . | . . . Piercing . | . . . Sneak Attacks . | . . . Combat Hostiles . | . . . Follow-up Attacks . | . . . Damage Inflicted 778 | 50 412 316 Guns 510 | 50 308 152 Cannons . | . . . Explosions 260 | . 96 164 Melee . | . . . Ramming 8 | . 8 . Kinetic 184 | . 32 152 Thermal 273 | 22 219 32 Explosive . | . . . Electromagnetic 313 | 28 153 132 Impact . | . . . Slashing . | . . . Piercing . | . . . Highest Corruption 1 | . . 1 Average Corruption 1 | . . 1 Corruption Purged . | . . . Effects 4 | . . 4 Message Errors 2 | . . 2 Energy Discharges 1 | . . 1 Targeting Errors 1 | . . 1 Overload Shots . | . . . Overflow Damage 10 | . . 10 Projectiles . | . . . Explosions 10 | . . 10 Melee . | . . . Knockbacks . | . . . Impact . | . . . Kinetic . | . . . Secondary . | . . . Self-Inflicted Damage 59 | . 21 38 Shots 5 | . 1 4 Rammed 1 | . 1 . Targets Rammed 1 | . 1 . Kicked . | . . . Crushed . | . . . Highest Temperature 129 | 54 129 65 Average Temperature 34 | 29 40 30 Received Heat Transfer 51 | . 51 . Siege Activations . | . . . Robots Corrupted . | . . . Combat Hostiles . | . . . Parts Fried . | . . . Impact Corruptions . | . . . Robots Melted . | . . . Combat Hostiles . | . . . Parts Melted . | . . . Heat Transferred 599 | 50 449 100 Parts Sabotaged . | . . . Parts Stolen . | . . . Parts Stripped . | . . . Power Chain Reactions 5 | . 1 4 Missiles Intercepted . | . . . Alert | -11 -10 -10 ------- Run | Scr Mat Min Peak Influence 239 | 5 239 69 Initial 6 | . 2 6 Average 24 | 2 41 7 Maximum Alert Level 1 | . 1 . Low Security (%) 96 | 100 93 100 Level 1 3 | . 6 . Level 2 . | . . . Level 3 . | . . . Level 4 . | . . . Level 5 . | . . . High Security . | . . . Max Security . | . . . Squads Dispatched . | . . . Investigation . | . . . Extermination . | . . . Reinforcement . | . . . Assault . | . . . Garrison . | . . . Intercept . | . . . Construction Impeded . | . . . Haulers Reinforced . | . . . Stealth | -11 -10 -10 --------- Run | Scr Mat Min Distress Signals . | . . . Communications Jammed . | . . . Distress Signals . | . . . Times Spotted 24 | . 17 7 Peak Tracking Total 4 | . 3 4 Tactical Retreats 2 | . 2 . Traps | -11 -10 -10 ------- Run | Scr Mat Min Traps Triggered 1 | . 1 . Indirectly . | . . . Trap Hack Attempts . | . . . Triggered . | . . . Disarmed . | . . . Reprogrammed . | . . . Reused . | . . . Traps Extracted . | . . . Installed . | . . . Triggered . | . . . Machines | -11 -10 -10 ---------- Run | Scr Mat Min Machines Disabled 2 | . . 2 Max in Single Turn 1 | . . 1 Machines Sabotaged . | . . . Garrisons Compromised . | . . . Overloaded Fab Kills . | . . . Fab Network Shutdowns . | . . . Hacking | -11 -10 -10 --------- Run | Scr Mat Min Machines Accessed 9 | . 8 1 Terminals 8 | . 7 1 Fabricators . | . . . Repair Stations 1 | . 1 . Recycling Units . | . . . Scanalyzers . | . . . Garrison Access . | . . . Total Hacks 16 | . 13 3 Successful 15 | . 13 2 Failed 1 | . . 1 Catastrophic . | . . . Database Lockouts . | . . . Manual . | . . . Terminals 12 | . 9 3 Fabricators . | . . . Repair Stations 4 | . 4 . Recycling Units . | . . . Scanalyzers . | . . . Garrison Access . | . . . Terminal Hacks 11 | . 9 2 Record 3 | . 2 1 Prototype ID Bank 3 | . 3 . Locate Traps 2 | . 2 . Investigation Status 1 | . . 1 Zone Layout 2 | . 2 . Fabricator Hacks . | . . . Repair Station Hacks 4 | . 4 . Scan Component 2 | . 2 . Repair 2 | . 2 . Recycling Unit Hacks . | . . . Scanalyzer . | . . . Garrison Access Hacks . | . . . Unauthorized Hacks . | . . . Terminals . | . . . Fabricators . | . . . Repair Stations . | . . . Recycling Units . | . . . Scanalyzers . | . . . Garrison Access . | . . . Data Cores Recovered . | . . . Used . | . . . Hacking Detections 4 | . 3 1 Full Trace Events 1 | . . 1 Feedback Events . | . . . Feedback Blocked . | . . . Robot Schematics Acquired . | . . . Robots Built . | . . . Matter . | . . . Time . | . . . Total Robot Build Rating . | . . . Part Schematics Acquired . | . . . Parts Built . | . . . Matter . | . . . Time . | . . . Total Part Build Rating . | . . . Parts Repaired 2 | . 2 . Time 52 | . 52 . Parts Recycled . | . . . Recycled Matter . | . . . Retrieved Matter . | . . . Retrieved Components . | . . . Parts Scanalyzed . | . . . Part Schematics Acquired . | . . . Parts Damaged . | . . . Bothacking | -11 -10 -10 ------------ Run | Scr Mat Min Used RIF Installer . | . . . Robots Hacked . | . . . Non-combat . | . . . Combat . | . . . Robot Hacks Applied . | . . . Relay Couplers Released . | . . . Robots Rewired . | . . . Allies Hacked . | . . . Hacks Repelled . | . . . Allies | -11 -10 -10 -------- Run | Scr Mat Min Total Allies 1 | . . 1 Largest Group 1 | . . 1 Highest-Rated Group 31 | . . 31 Highest-Rated Ally 31 | . . 31 Total Orders . | . . . Ally Attacks . | . . . Total Damage . | . . . Kills . | . . . Allies Corrupted . | . . . Allies Melted . | . . . Intel | -11 -10 -10 ------- Run | Scr Mat Min Robot Analysis Total . | . . . Derelict Logs Recovered . | . . . Drone Launches . | . . . Drone Recoveries . | . . . Exploration | -11 -10 -10 ------------- Run | Scr Mat Min Turns Passed 2053 | 85 1047 921 Spaces Moved 1735 | 49 870 816 Core 8 | 8 . . Treads . | . . . Legs 26 | 26 . . Wheels 1701 | 15 870 816 Hover . | . . . Flight . | . . . Fastest Speed 50 | 50 90 100 Average Speed 98 | 102 96 100 Slowest Speed 120 | 120 100 100 Overloaded Moves . | . . . Propulsion Burnouts . | . . . Robots Hopped . | . . . Cave-ins Triggered 2 | . . 2 Exploration Rate (%) 67 | 3 100 100 Regions Visited 2 Branch Regions 1 Pre-discovered Areas . | . . . Known Exits Taken 2 | 1 1 . Unknown Exits Taken . | . . . Scrap Searched . | . . . Spaces Dug 13 | . . 13 Terrain Destroyed 29 | . 2 27 Melee . | . . . Projectile 13 | . . 13 AOE 16 | . 2 14 Terrain Rammed . | . . . Walls Destroyed . | . . . Machines Disabled . | . . . Actions | -11 -10 -10 --------- Run | Scr Mat Min Total 1975 | 75 1042 858 Wait 116 | . 104 12 Move 1731 | 48 869 814 Hop . | . . . Pick Up 30 | 14 14 2 Fast Attach 4 | 1 3 . Attach 7 | 6 1 . Detach . | . . . Swap 16 | 3 11 2 Drop 20 | . 18 2 Fire 49 | 3 21 25 Melee . | . . . Ram 1 | . 1 . Kick . | . . . Crush . | . . . Escape Stasis 1 | . . 1 Rewire . | . . . Trap . | . . . Miscellaneous . | . . . Route ------- -11/Scrapyard -10/Materials (discovered 4 exits: *Mat x3 / *Min) -10/Mines (discovered 2 exits: *Mat x2) History --------- Turn | Location | Event 9 | -11/Scrapyard | Identified exit to Materials 9 | -11/Scrapyard | Discovered exit to Materials (range 16) 86 | -11/Scrapyard | Entered Materials 86 | -10/Materials | Evolved 1 slot: Utility x1 275 | -10/Materials | Identified exit to Materials 275 | -10/Materials | Discovered exit to Materials (range 16) 309 | -10/Materials | Build established: Hacker-Mutant 493 | -10/Materials | Repaired Com. Wheel 520 | -10/Materials | Repaired Lgt. Assault Rifle 572 | -10/Materials | Identified exit to Mines 572 | -10/Materials | Discovered exit to Mines (range 7) 639 | -10/Materials | Discovered exit to Materials (range 16) 893 | -10/Materials | Discovered exit to Materials (range 8) 1133 | -10/Materials | Entered Mines 1239 | -10/Mines | Assembled infested the area 1313 | -10/Mines | Discovered exit to Materials (range 15) 1488 | -10/Mines | Discovered exit to Materials (range 8) 1630 | -10/Mines | Received a Mining Laser from a helpful Derelict 2028 | -10/Mines | Crushed by falling debris 2029 | -10/Mines | Core integrity fell below 50% 2054 | -10/Mines | Crushed by falling debris 2054 | -10/Mines | Smashed by cave-in Last Messages --------------- Here, take my spare." 01633_ IH-KWR(g): "You're apparently new around these parts, I'll cover you." 01635_ Dropped Tractor Beam. 01636_ Acquired Mining Laser. 01640_ IH-KWR(g): "Mining lasers are a lot more useful than you might think..." 01871_ JLKUDXCWC9UFQRT9MEQLVJ 02028_ The unstable cave ceiling collapses. 02028_ Crushed by falling debris. 02031_ The unstable cave ceiling collapses. 02054_ Crushed by falling debris. 02054_ Visual Processing Unit destroyed. 02054_ System corrupted by crushing effect (+1). 02054_ Arm. Wheel destroyed. 02054_ System corrupted by crushing effect (+2). Map ----- +----------------------------------------------------+ | ?????????### ## ## ####### #### ### ##? | | ????????## # # #?????# ## | | ????????# ##????# # | | ???????## #????######## | | ???????# #?????####??## | | ???????# """ #?????# ##??## | | ???????## """ #### #?????# ##??### ## | | ????????#### """ #??## #?????## #????# ## | | ???????????## """ #??## #??????## #?#### #? | | ????????????# #?## ##??###### ### #? | | ???????????## #?# ##??## ## ## ###? | | ???????????# ##?# #???# ## #??? | | ???????????# #??## ##???## ### #??? | | ???????????## ##???####?????# ### #??? | | ???????????## ##?????????????# #??? | | ?????????### ##?????????????## ##??? | | ????????## #?????????????## ## ##???? | | ????????# #????????????## #### ##????? | | ????????# #????????????# ##?####?????? | | ????????# # #????????????# ##?????????? | | ????????## ## #####????????## ##????????? | | ?????????##### #?????????## #????????? | | ?????????????###### #??????????# #????????? | | ???????????####???# #???###????# #????????? | | ??????????## ##### ##### #????# """ ##???????? | | ??????????# k @; #???## """ #???????? | | ?????????## ## #??## """ #????#### | | ???####??# ### < ####??# ##???## # | | ??## #### ##?##!= ### #??# ##????# | | ??# ## #???## !### #??# ########### | | ??# #??# #= # #??# #???# | | ??# #?## # ## ##??# #???# ##### | | ??## #?# # u# ##??## #???# #??## | | ???#### #?## #!u# ##?## ##??# #??# | | ??????## ##?# ##% ## ### #??# #?## | | ???????#######??### = #### * " ##?# ### # | | ????????????????## % %!!! ####% % ## | | ????????????????## !%%=!=% = % #### #? | | ?????????????????## =<%%!|%= % #??## #? | | ?????????????????## =|=!%### !## ######## ## | | ??????????????????## |######## #### # ## | | ???????????????????### # #?###### | | ?????????????????????#### #??????##### | | ?????????????????????#### ###???????## | | ?????????????????????# =%[ #??????## | | ?????????????????????# " = #?????## | | ?????????????????????# """ #????## | | ?????????????????????# """ #????# ### | | ?????????????????????# #????# ## ##?? | | ?????????????????????########???## ######??? | +----------------------------------------------------+ Best States ------------- Heat Dissipation 25 Energy Generation 12 Energy Capacity 265 Matter Stores 300 Matter Capacity 300 Sight Range 18 Terrain Scan Density 10 ECM Strength 1 Armor Coverage 150 Resistance: KI 35 Resistance: TH 35 Resistance: EX 35 Resistance: EM 35 Resistance: I 35 Resistance: S 35 Resistance: P 35 Evasion (%) 50 Offensive Hacking 20 Item Schematics ----------------- None Robot Schematics ------------------ None Fabricated ------------ Nothing Alien Tech Used ----------------- None Achievements -------------- None Challenges ------------ None Game ------ Seed ShieldCoordinationInjector Manual? 0 Play Time 00:32:18 Cumulative 35.5 hours Start 2020.11.15 @ 01:27:17 End 2020.11.15 @ 13:57:10 Sessions 3 Manual Loads 0 Difficulty Explorer Special Mode Halloween2020/ForbiddenLore Game No. 33 Rogue 20 Adventurer 0 Explorer 13 Win Type - Total 0 Types 0/0/0/0/0/0/0/0/0 Lore% 23 Gallery% 30 Achievement% 26 Wizard Run 0 Options --------- ASCII 0 Keyboard 0 Movement Mouse Keybinds 0 Fullscreen 1 Font 18/X11Bold Map View 76x50 Tactical HUD 1 Map Filters NONE Filters NONE Steam 1 RUN: 5eef73ef-8fef-4652-b9a8-125febcd5303